TOP OF THE 1ST |
Menlo Maniacs batting - Pitching for San Diego Smashers : RHP Bobby Booker
|
Pitching: RHP Bobby Booker
|
|
Batting: SHB Ryan Holcomb
|
0-0: Foul Ball, location: 2F 0-1: Ball 1-1: Ball 2-1: Ball 3-1: Called Strike 3-2: SOLO HOME RUN (Flyball, 8LXD), Distance : 417 ft
|
Batting: RHB Gilberto León
|
0-0: Ball 1-0: Called Strike 1-1: Ball 2-1: Called Strike 2-2: Strikes out swinging
|
Batting: LHB Tim Ramsey
|
0-0: Fly out, F5 (Flyball, 5D)
|
Batting: RHB Jason Blair
|
0-0: SINGLE (Flyball, 3D)
|
Batting: LHB Robby Lawson
|
0-0: Ball 1-0: Foul Ball, location: 2F 1-1: Fly out, F8 (Flyball, 8LM)
|
Top of the 1st over - 1 run(s), 2 hit(s), 0 error(s), 1 left on base; Menlo 1 - San Diego 0 |
BOTTOM OF THE 1ST |
San Diego Smashers batting - Pitching for Menlo Maniacs : RHP Juan Caballero
|
Pitching: RHP Juan Caballero
|
|
Batting: SHB Michael Aisher
|
0-0: Called Strike 0-1: Swinging Strike 0-2: Strikes out swinging
|
Batting: RHB Gerald Davis
|
0-0: Ball 1-0: Ball 2-0: Ball 3-0: Called Strike 3-1: Base on Balls
|
Batting: RHB Fred Ameris
|
0-0: Foul Ball, location: 2F 0-1: Grounds into double play, 6-4-3 (Groundball, 6)
|
Bottom of the 1st over - 0 run(s), 0 hit(s), 0 error(s), 0 left on base; Menlo 1 - San Diego 0 |
TOP OF THE 2ND |
Menlo Maniacs batting - Pitching for San Diego Smashers : RHP Bobby Booker
|
Batting: RHB Byron Bracy
|
0-0: Ball 1-0: Ball 2-0: Fly out, F8 (Flyball, 89D)
|
Batting: RHB Miguel González
|
0-0: Swinging Strike 0-1: Foul Ball, location: 2F 0-2: Ball 1-2: Ball 2-2: Strikes out swinging
|
Batting: RHB Vaughan Price
|
0-0: Ball 1-0: Called Strike 1-1: SINGLE (Groundball, 6MD)
|
Batting: LHB Tristan Walker
|
0-0: 2-RUN HOME RUN (Line Drive, 9LD), Distance : 366 ft
|
Batting: SHB Ryan Holcomb
|
0-0: Called Strike 0-1: Ball 1-1: Ball 2-1: Ball 3-1: Foul Ball, location: 2F 3-2: Foul Ball, location: 2F 3-2: Strikes out looking
|
Top of the 2nd over - 2 run(s), 2 hit(s), 0 error(s), 0 left on base; Menlo 3 - San Diego 0 |
BOTTOM OF THE 2ND |
San Diego Smashers batting - Pitching for Menlo Maniacs : RHP Juan Caballero
|
Batting: LHB Richard Brooks
|
0-0: Ball 1-0: Ball 2-0: Called Strike 2-1: Foul Ball, location: 2F 2-2: Ball 3-2: Base on Balls
|
Batting: RHB Ray Rogers
|
0-0: Ball 1-0: Swinging Strike 1-1: Foul Ball, location: 2F 1-2: Foul Ball, location: 2F 1-2: Ball 2-2: Foul Ball, location: 2F 2-2: Ball 3-2: Foul Ball, location: 2F 3-2: Base on Balls Richard Brooks to second
|
Batting: RHB Gustavo Torres
|
0-0: Ball 1-0: SINGLE (Line Drive, 4M) Richard Brooks to third Ray Rogers to second
|
Batting: RHB Manny Torrez
|
0-0: Called Strike 0-1: Ball 1-1: Ball 2-1: Foul Ball, location: 2F 2-2: Strikes out looking
|
Batting: LHB Gonzalo Benítez
|
0-0: Called Strike 0-1: Fielders Choice at 2nd, 3-6 (Groundball, 3) Richard Brooks scores Ray Rogers to third
|
Batting: RHB Dave King
|
0-0: Foul Ball, location: 2F 0-1: Called Strike 0-2: Ball 1-2: Ball 2-2: Ball 3-2: Ground out 4-3 (Groundball, 4)
|
Bottom of the 2nd over - 1 run(s), 1 hit(s), 0 error(s), 2 left on base; Menlo 3 - San Diego 1 |
TOP OF THE 3RD |
Menlo Maniacs batting - Pitching for San Diego Smashers : RHP Vicente Calderón
|
Pitching: RHP Vicente Calderón
|
|
Batting: RHB Gilberto León
|
0-0: Ball 1-0: Ball 2-0: Called Strike 2-1: Called Strike 2-2: Ball 3-2: Base on Balls
|
Batting: LHB Tim Ramsey
|
0-0: Ball 1-0: Ball 2-0: Ball 3-0: Called Strike 3-1: Base on Balls Gilberto León to second
|
Batting: RHB Jason Blair
|
0-0: SINGLE (Flyball, 7S) Gilberto León to third Tim Ramsey to second
|
Batting: LHB Robby Lawson
|
0-0: Ball 1-0: Called Strike 1-1: Ball 2-1: Grounds into fielders choice 4-2 (Groundball, 34) Tim Ramsey to third Jason Blair to second
|
Batting: RHB Byron Bracy
|
0-0: Called Strike 0-1: Foul Ball, location: 2F 0-2: Ball 1-2: Ball 2-2: Strikes out swinging
|
Batting: RHB Miguel González
|
0-0: Called Strike 0-1: Ball 1-1: Ball 2-1: Swinging Strike 2-2: Strikes out swinging
|
Top of the 3rd over - 0 run(s), 1 hit(s), 0 error(s), 3 left on base; Menlo 3 - San Diego 1 |
BOTTOM OF THE 3RD |
San Diego Smashers batting - Pitching for Menlo Maniacs : RHP Juan Caballero
|
Batting: SHB Michael Aisher
|
0-0: Called Strike 0-1: Foul Ball, location: 2F 0-2: Strikes out swinging
|
Batting: RHB Gerald Davis
|
0-0: Called Strike 0-1: Called Strike 0-2: Foul Ball, location: 2F 0-2: Ground out 6-3 (Groundball, 6)
|
Batting: RHB Fred Ameris
|
0-0: Hit by Pitch
|
Batting: LHB Richard Brooks
|
0-0: Called Strike 0-1: Called Strike Fred Ameris steals 2nd base 0-2: Ball 1-2: Ball 2-2: Foul Ball, location: 2F 2-2: DOUBLE (Line Drive, 9D) Fred Ameris scores
|
Batting: RHB Ray Rogers
|
0-0: Ball 1-0: Ground out 6-3 (Groundball, 6)
|
Bottom of the 3rd over - 1 run(s), 1 hit(s), 0 error(s), 1 left on base; Menlo 3 - San Diego 2 |
TOP OF THE 4TH |
Menlo Maniacs batting - Pitching for San Diego Smashers : RHP Vicente Calderón
|
Batting: RHB Vaughan Price
|
0-0: Ball 1-0: Ground out 1-3 (Groundball, 13S)
|
Batting: LHB Tristan Walker
|
0-0: Called Strike 0-1: Foul Ball, location: 2F 0-2: Ball 1-2: Foul Ball, location: 2F 1-2: Foul Ball, location: 2F 1-2: Foul Ball, location: 2F 1-2: Ball 2-2: Ball 3-2: Ground out U3 (Groundball, 34)
|
Batting: SHB Ryan Holcomb
|
0-0: Called Strike 0-1: Foul Ball, location: 2F 0-2: Ball 1-2: SINGLE (Flyball, 8LS)
|
Batting: RHB Gilberto León
|
0-0: Ball Ryan Holcomb is caught stealing 2nd base
|
Top of the 4th over - 0 run(s), 1 hit(s), 0 error(s), 0 left on base; Menlo 3 - San Diego 2 |
BOTTOM OF THE 4TH |
San Diego Smashers batting - Pitching for Menlo Maniacs : RHP Juan Caballero
|
Batting: RHB Gustavo Torres
|
0-0: Ball 1-0: Foul Ball, location: 2F 1-1: Fly out, F7 (Flyball, 7LS)
|
Batting: RHB Manny Torrez
|
0-0: Called Strike 0-1: Swinging Strike 0-2: Foul Ball, location: 2F 0-2: Foul Ball, location: 2F 0-2: Foul Ball, location: 2F 0-2: Fly out, F8 (Flyball, 8LS)
|
Batting: LHB Gonzalo Benítez
|
0-0: Ball 1-0: Ball 2-0: Swinging Strike 2-1: SOLO HOME RUN (Flyball, 89XD), Distance : 416 ft
|
Batting: RHB Dave King
|
0-0: Called Strike 0-1: Ball 1-1: Ground out 4-3 (Groundball, 4D)
|
Bottom of the 4th over - 1 run(s), 1 hit(s), 0 error(s), 0 left on base; Menlo 3 - San Diego 3 |
TOP OF THE 5TH |
Menlo Maniacs batting - Pitching for San Diego Smashers : RHP Vicente Calderón
|
Batting: RHB Gilberto León
|
0-0: Swinging Strike 0-1: Foul Ball, location: 2F 0-2: Strikes out swinging
|
Batting: LHB Tim Ramsey
|
0-0: Ball 1-0: Swinging Strike 1-1: Ball 2-1: Ball 3-1: Called Strike 3-2: Strikes out swinging
|
Batting: RHB Jason Blair
|
0-0: Fly out, F3 (Popup, 3)
|
Top of the 5th over - 0 run(s), 0 hit(s), 0 error(s), 0 left on base; Menlo 3 - San Diego 3 |
BOTTOM OF THE 5TH |
San Diego Smashers batting - Pitching for Menlo Maniacs : RHP Juan Caballero
|
Batting: SHB Michael Aisher
|
0-0: Ball 1-0: Ground out 4-3 (Groundball, 4)
|
Batting: RHB Gerald Davis
|
0-0: Ball 1-0: Ball 2-0: Ground out 6-3 (Groundball, 6)
|
Batting: RHB Fred Ameris
|
0-0: Called Strike 0-1: Foul Ball, location: 2F 0-2: Strikes out looking
|
Bottom of the 5th over - 0 run(s), 0 hit(s), 0 error(s), 0 left on base; Menlo 3 - San Diego 3 |
TOP OF THE 6TH |
Menlo Maniacs batting - Pitching for San Diego Smashers : RHP Vicente Calderón
|
Batting: LHB Robby Lawson
|
0-0: Swinging Strike 0-1: Ball 1-1: Swinging Strike 1-2: Ball 2-2: Strikes out swinging
|
Batting: RHB Byron Bracy
|
0-0: Ball 1-0: Foul Ball, location: 2F 1-1: Ball 2-1: Ball 3-1: SOLO HOME RUN (Line Drive, 8LXD), Distance : 429 ft
|
Pitching: RHP Norberto Deleón
|
|
Batting: RHB Miguel González
|
0-0: Ball 1-0: Foul Ball, location: 2F 1-1: Ball 2-1: SINGLE (Groundball, 6) (infield hit)
|
Batting: RHB Vaughan Price
|
0-0: Fly out, F9 (Flyball, 9)
|
Batting: LHB Tristan Walker
|
0-0: Called Strike 0-1: Ball 1-1: Ball 2-1: Ball 3-1: Foul Ball, location: 2F 3-2: Base on Balls Miguel González to second
|
Batting: SHB Ryan Holcomb
|
0-0: Foul Ball, location: 2F 0-1: Called Strike 0-2: Ball 1-2: Strikes out swinging
|
Top of the 6th over - 1 run(s), 2 hit(s), 0 error(s), 2 left on base; Menlo 4 - San Diego 3 |
BOTTOM OF THE 6TH |
San Diego Smashers batting - Pitching for Menlo Maniacs : RHP Juan Caballero
|
Batting: LHB Richard Brooks
|
0-0: Ball 1-0: Foul Ball, location: 2F 1-1: Foul Ball, location: 2F 1-2: Ball 2-2: Strikes out looking
|
Batting: RHB Ray Rogers
|
0-0: Ball 1-0: Swinging Strike 1-1: Ball 2-1: Foul Ball, location: 2F 2-2: Ball 3-2: Base on Balls
|
Batting: RHB Gustavo Torres
|
0-0: Ball 1-0: Ball 2-0: Foul Ball, location: 2F 2-1: Grounds into double play, 6-4-3 (Groundball, 6)
|
Bottom of the 6th over - 0 run(s), 0 hit(s), 0 error(s), 0 left on base; Menlo 4 - San Diego 3 |
TOP OF THE 7TH |
Menlo Maniacs batting - Pitching for San Diego Smashers : RHP Norberto Deleón
|
Batting: RHB Gilberto León
|
0-0: Swinging Strike 0-1: Ball 1-1: Swinging Strike 1-2: Foul Ball, location: 2F 1-2: Strikes out swinging
|
Pitching: LHP Mike Stevens
|
|
Batting: LHB Tim Ramsey
|
0-0: Ball 1-0: Foul Ball, location: 2F 1-1: Ball 2-1: Ball 3-1: Base on Balls
|
Batting: RHB Jason Blair
|
0-0: Ball Tim Ramsey steals 2nd base 1-0: Intentional Walk
|
Pitching: RHP Martin Miller
|
|
Pinch Hitting: LHB Frank Young
|
0-0: Ball 1-0: Ball 2-0: Swinging Strike 2-1: Ball 3-1: Foul Ball, location: 2F 3-2: Strikes out swinging
|
Pinch Hitting: RHB José Méndez
|
0-0: Called Strike 0-1: Swinging Strike 0-2: Strikes out swinging
|
Top of the 7th over - 0 run(s), 0 hit(s), 0 error(s), 2 left on base; Menlo 4 - San Diego 3 |
BOTTOM OF THE 7TH |
San Diego Smashers batting - Pitching for Menlo Maniacs : RHP Juan Caballero
|
Pitching: RHP Wayne Todd
|
|
Now at 1B: Frank Young
|
|
Now in LF: Manuel Alonso
|
|
Batting: RHB Manny Torrez
|
0-0: Ball 1-0: Ball 2-0: Ball 3-0: Base on Balls
|
Batting: LHB Gonzalo Benítez
|
0-0: Ball Manny Torrez is caught stealing 2nd base 1-0: Swinging Strike 1-1: Ground out 4-3 (Groundball, 4)
|
Batting: RHB Dave King
|
0-0: Ball 1-0: Swinging Strike 1-1: Swinging Strike 1-2: Ball 2-2: Ball 3-2: Foul Ball, location: 2F 3-2: Foul Ball, location: 2F 3-2: Strikes out swinging
|
Bottom of the 7th over - 0 run(s), 0 hit(s), 0 error(s), 0 left on base; Menlo 4 - San Diego 3 |
TOP OF THE 8TH |
Menlo Maniacs batting - Pitching for San Diego Smashers : RHP Martin Miller
|
Batting: RHB Miguel González
|
0-0: Swinging Strike 0-1: Called Strike 0-2: Strikes out looking
|
Batting: RHB Vaughan Price
|
0-0: Ball 1-0: Ball 2-0: Called Strike 2-1: Called Strike 2-2: Strikes out swinging
|
Batting: LHB Tristan Walker
|
0-0: Called Strike 0-1: Foul Ball, location: 2F 0-2: Strikes out swinging
|
Top of the 8th over - 0 run(s), 0 hit(s), 0 error(s), 0 left on base; Menlo 4 - San Diego 3 |
BOTTOM OF THE 8TH |
San Diego Smashers batting - Pitching for Menlo Maniacs : RHP Wayne Todd
|
Pitching: LHP Marc Sizemore
|
|
Batting: SHB Michael Aisher
|
0-0: Ball 1-0: Foul Ball, location: 2F 1-1: SINGLE (Groundball, 6D)
|
Batting: RHB Gerald Davis
|
0-0: Ball 1-0: Ball 2-0: Sac Bunt - play at first, batter OUT! 5-4 Michael Aisher to second
|
Batting: RHB Fred Ameris
|
0-0: Swinging Strike 0-1: Ball 1-1: Ball 2-1: Foul Ball, location: 2F 2-2: SINGLE (Flyball, 9S) Michael Aisher to third Runner from 3rd tries for Home, SAFE, no throw
|
Batting: LHB Richard Brooks
|
0-0: Ball 1-0: Ball 2-0: Ball 3-0: Base on Balls Fred Ameris to second
|
Pinch Hitting: RHB John Nelson
|
0-0: Ball 1-0: Ground out 5-3 (Groundball, 25) Fred Ameris to third Richard Brooks to second
|
Batting: RHB Gustavo Torres
|
0-0: Ball 1-0: Ball 2-0: Foul Ball, location: 2F 2-1: Called Strike 2-2: Ball 3-2: Base on Balls
|
Batting: RHB Manny Torrez
|
0-0: Ball 1-0: Ball 2-0: Called Strike 2-1: Ball 3-1: Foul Ball, location: 2F 3-2: Foul Ball, location: 2F 3-2: Base on Balls Fred Ameris scores Richard Brooks to third Gustavo Torres to second
|
Pinch Hitting: LHB John White
|
0-0: Ball 1-0: Swinging Strike 1-1: Ball 2-1: Ball 3-1: Base on Balls Richard Brooks scores Gustavo Torres to third Manny Torrez to second
|
Pitching: RHP Fernando Valdés
|
|
Batting: RHB Dave King
|
0-0: Swinging Strike 0-1: Called Strike 0-2: Foul Ball, location: 2F 0-2: Ball 1-2: Foul Ball, location: 2F 1-2: Fly out, F8 (Flyball, 8LS)
|
Bottom of the 8th over - 3 run(s), 2 hit(s), 0 error(s), 3 left on base; Menlo 4 - San Diego 6 |
TOP OF THE 9TH |
Menlo Maniacs batting - Pitching for San Diego Smashers : RHP Martin Miller
|
Pitching: RHP Joe Shoemaker
|
|
Now at 3B: John Nelson
|
|
Now in RF: Arthur MacDonald
|
|
Batting: SHB Ryan Holcomb
|
0-0: Called Strike 0-1: Ball 1-1: Ball 2-1: Ground out 1-3 (Groundball, P)
|
Batting: RHB Gilberto León
|
0-0: Called Strike 0-1: Ball 1-1: Called Strike 1-2: Hit by Pitch
|
Batting: LHB Tim Ramsey
|
0-0: Ball 1-0: SINGLE (Groundball, 34S) (infield hit) Gilberto León to second
|
Batting: RHB Jason Blair
|
0-0: Foul Ball, location: 2F 0-1: Hit by Pitch Gilberto León to third Tim Ramsey to second
|
Batting: LHB Frank Young
|
0-0: Fly out, F6 (Popup, 56)
|
Pinch Hitting: LHB Ken Smith
|
0-0: Ball 1-0: Fly out, F8 (Flyball, 89M)
|
Top of the 9th over - 0 run(s), 1 hit(s), 0 error(s), 3 left on base; Menlo 4 - San Diego 6 |
|